 Dungeon Crawl Stone Soup version 0.27.0-1-g7a089689b8 (console) character file.

Game seed: 8401449765948122700

1410 thromnambular the Ducker (level 9, 0/66 HPs)
             Began as a Djinni Hedge Wizard on Aug 15, 2021.
             Was an Initiate of Makhleb.
             Slain by a hornet zombie (10 damage)
             ... on level 7 of the Dungeon.
             The game lasted 00:19:38 (9955 turns).

thromnambular the Ducker (Djinni Hedge Wizard)      Turns: 9955, Time: 00:19:38

Health: 0/66       AC:  5    Str:  9    XL:     9   Next: 1%
Gold:   233        EV: 14    Int: 25    God:    Makhleb [......] SH:  0 Dex: 13

rFire    + + .     SeeInvis .   D - +0 morningstar
rCold    x . .     Faith    .   (no shield)
rNeg     . . .     Spirit   .   b - +0 robe
rPois    ∞         Reflect  .   m - +1 helmet
rElec    .         Harm     .   (no cloak)
rCorr    .         Rampage  .   z - +0 pair of gloves
Will     .....                  (boots unavailable)
Stlth    ++........             (no amulet)
HPRegen  0.21/turn              r - +6 ring of intelligence
MPRegen  0.00/turn              (no ring)

@: flying
A: sickness immunity, fire resistance 2, cold vulnerability 1, float, innate
caster, hp casting, extra vitality 1
a: Renounce Religion


You were on level 7 of the Dungeon.
You worshipped Makhleb.
Makhleb was noncommittal.
You visited 2 branches of the dungeon, and saw 8 of its levels.

You collected 233 gold pieces.

Inventory:

Hand Weapons
 a - a +1 dagger
 s - a +2 mace of protection
 D - a +0 morningstar (weapon)
Missiles
 e - a throwing net
Armour
 b - a +0 robe (worn)
 m - a +1 helmet (worn)
 z - a +0 pair of gloves (worn)
Jewellery
 r - a +6 ring of intelligence (left hand)
Wands
 t - a wand of acid (17)
 C - a wand of paralysis (10)
Scrolls
 c - a scroll of fear {unknown}
 h - 2 scrolls of teleportation
 j - a scroll of vulnerability
 k - a scroll of summoning {unknown}
 l - a scroll of enchant weapon
 n - a scroll of torment {unknown}
 o - 3 scrolls of noise {unknown}
 v - a scroll of magic mapping {unknown}
 w - 2 scrolls of amnesia {unknown}
 x - a scroll of holy word {unknown}
 y - a scroll of immolation {unknown}
 A - a scroll of fog {unknown}
Potions
 d - 3 potions of lignification
 f - a potion of haste
 g - a potion of resistance
 i - 3 potions of curing
 p - a potion of berserk rage {unknown}
 q - a potion of ambrosia
 u - a potion of heal wounds
 B - 2 potions of brilliance {unknown}


   Skills:
 + Level 5.8 Fighting
 + Level 6.9 Dodging
 - Level 1.5 Stealth
 + Level 5.2 Spellcasting


You couldn't memorise any spells.
You knew the following spells:

 Your Spells              Type           Power      Damage    Failure   Level
a - Magic Dart            Conj           100%       1d8       1%          1
b - Blink                 Tloc           N/A        N/A       1%          2
c - Call Imp              Summ           32%        N/A       1%          2
d - Slow                  Hex            32%        N/A       1%          2
e - Conjure Flame         Conj/Fire      32%        6-21      2%          3
f - Mephitic Cloud        Conj/Pois/Air  32%        N/A       2%          3
g - Pain                  Necr           100%       1d9       1%          1
h - Searing Ray           Conj           64%        3d5       1%          2
i - Dazzling Flash        Conj/Hex       64%        N/A       2%          3
j - Vampiric Draining     Necr           16%        2d8       2%          3
Your spell library was empty.

Dungeon Overview and Level Annotations

Branches:
Dungeon (7/15)             Temple (1/1) D:6

Altars:
Cheibriados
Fedhas
Hepliaklqana
Makhleb
Nemelex Xobeh
Qazlal
Ru
Sif Muna
Trog
Uskayaw
Wu Jian
Zin
The Shining One

Shops:
D:2 [

Annotations:
D:6 1 runed translucent door, AlmostDecent's ghost, novice GrFi
D:7 2 transporters, SkeletonJelly's ghost, novice DrMo


Innate Abilities, Weirdness & Mutations

You are immune to sickness and miasma.
You are immune to poison.
Your flesh is very heat resistant. (rF++)
You are vulnerable to cold. (rC-)
You float through the air rather than walking.
You learn spells naturally, not from books.
Your magical power is your life essence.
You have superior vitality. (+4 HP)


Message History

Makhleb accepts your kill.
The searing ray misses the hornet zombie.
The searing ray misses the orc. (Press . to maintain the ray.)
The searing ray hits the orc!
You kill the orc!
Makhleb accepts your kill.
The searing ray hits the orc.
The orc is heavily wounded.
The searing ray hits the hornet zombie.
The hornet zombie is moderately damaged.
The searing ray hits the orc.
You kill the orc!
Makhleb accepts your kill. The hornet zombie hits you!
* * * LOW HITPOINT WARNING * * *
The searing ray hits the hornet zombie.
The hornet zombie is heavily damaged.
* * * LOW HITPOINT WARNING * * *
You finish channeling your searing ray.
The hornet zombie barely misses you. x2
Casting: Searing Ray (safe; 1% risk of failure)
Confirm with . or Enter, or press ? or * to list all spells.
Aiming: Searing Ray (safe; 1% risk of failure)
Press: ? - help, Shift-Dir - straight line, f - hornet zombie
Aim: a hornet zombie (heavily damaged, 83% to hit)
The searing ray hits the hornet zombie!
The hornet zombie is severely damaged. (Press . to maintain the ray.)
* * * LOW HITPOINT WARNING * * *
The hornet zombie hits you but does no damage.
The searing ray hits the hornet zombie!
The hornet zombie is severely damaged.
* * * LOW HITPOINT WARNING * * *
The hornet zombie hits you.
* * * LOW HITPOINT WARNING * * *
The searing ray hits the hornet zombie.
The hornet zombie is almost destroyed.
* * * LOW HITPOINT WARNING * * *
The hornet zombie hits you!
You die...

##'##'.#.#
#####.### #.#
..#..#...#
#........ #
#+#..###.###.###.##
### #..#
#.#........##....
+..+
#................
#..#
###.#.##...#####
#..#.......###.##
#..##.##.#####.#
+##+. ....<...@# #
....#####Z# ###.#
#...# #.# #..>..#
#.##...)...#
..........#
...........+
............#
####.......##


You could see a hornet zombie.

Vanquished Creatures
  A black bear (D:6)
  An ice beast (D:6)
  2 necrophages (D:6)
  A centaur (D:7)
  2 kobold brigands
  A bullfrog (D:6)
  A gnoll sergeant (D:5)
  A scorpion (D:6)
  A wyvern skeleton (D:6)
  A water moccasin skeleton (D:4)
  A hound (D:4)
  A jelly (D:4)
  An orc priest (D:3)
  A bullfrog skeleton (D:5)
  An iguana (D:6)
  3 orc wizards
  A killer bee zombie (D:6)
  A hound skeleton (D:4)
  A howler monkey skeleton (D:6)
  5 gnolls
  9 adders
  2 white imps
  A shadow imp (D:5)
  2 ufetubi (D:6)
  An adder skeleton (D:4)
  4 worms
  2 dart slugs
  20 orcs
  8 ball pythons
  5 bats
  11 endoplasms
  4 giant cockroaches
  5 goblins
  8 hobgoblins
  4 jackals (D:4)
  3 quokkas
  4 frilled lizards
  8 kobolds
  A quokka skeleton (D:4)
  5 rats
135 creatures vanquished.

Vanquished Creatures (collateral kills)
  2 orcs (D:3)
2 creatures vanquished.

Grand Total: 137 creatures vanquished

Notes
Turn   | Place    | Note
-------+----------+-------------------------------------------
     0 | D:1      | thromnambular the Djinni Hedge Wizard began the quest for
                  | the Orb.
     0 | D:1      | Reached XP level 1. HP: 15/15 MP: 0/0
   307 | D:1      | Reached XP level 2. HP: 13/22 MP: 0/0
   859 | D:1      | Reached skill level 1 in Fighting
  1371 | D:1      | Reached XP level 3. HP: 24/27 MP: 0/0
  1371 | D:1      | Learned a level 1 spell: Pain
  1470 | D:1      | Found a faded altar of an unknown god.
  1753 | D:2      | Found Utuant's Armour Boutique.
  2442 | D:2      | Reached skill level 3 in Dodging
  2452 | D:2      | Reached XP level 4. HP: 13/32 MP: 0/0
  3500 | D:3      | Reached XP level 5. HP: 34/38 MP: 0/0
  3500 | D:3      | Learned a level 2 spell: Searing Ray
  5162 | D:4      | Noticed a kobold brigand
  5172 | D:4      | Killed a kobold brigand
  5173 | D:4      | Reached skill level 4 in Dodging
  5173 | D:4      | Reached XP level 6. HP: 30/46 MP: 0/0
  5821 | D:4      | Reached XP level 7. HP: 36/50 MP: 0/0
  5821 | D:4      | Learned a level 3 spell: Dazzling Flash
  6056 | D:5      | Entered Level 5 of the Dungeon
  6106 | D:5      | HP: 2/51 [gnoll sergeant (10)]
  6747 | D:5      | Reached skill level 5 in Dodging
  7392 | D:5      | Found a snail-covered altar of Cheibriados.
  8064 | D:6      | Reached XP level 8. HP: 49/58 MP: 0/0
  8197 | D:6      | Reached skill level 6 in Dodging
  8243 | D:6      | Reached skill level 5 in Fighting
  8723 | D:6      | Found a blossoming altar of Fedhas.
  8726 | D:6      | Found a glowing golden altar of the Shining One.
  8829 | D:6      | Found a staircase to the Ecumenical Temple.
  8844 | D:6      | Reached skill level 5 in Spellcasting
  8848 | Temple   | Entered the Ecumenical Temple
  9039 | Temple   | Became a worshipper of Makhleb the Destroyer
  9548 | D:6      | Found a runed translucent door.
  9548 | D:6      | Noticed AlmostDecent's ghost (novice GrFi)
  9757 | D:7      | Reached XP level 9. HP: 62/66 MP: 0/0
  9757 | D:7      | Learned a level 3 spell: Vampiric Draining
  9842 | D:7      | Found a transporter.
  9856 | D:7      | Noticed a moth of wrath
  9856 | D:7      | Noticed SkeletonJelly's ghost (novice DrMo)
  9873 | D:7      | Found a transporter.
  9955 | D:7      | Slain by a hornet zombie

Illustrated notes

Levels and vault maps discovered:
D:1:      dpeg_arrival_arbitrary_b, layout_loops_corners,
          chequers_ecumenical_altar_lobes
D:2:      layout_basic, serial_shops, shop
D:3:      layout_loops_ring
D:4:      layout_gridville
D:5:      layout_basic, cheibriados_altar_1
D:6:      layout_basic, nicolae_overflow_hidden_temple,
          minmay_temple_entry_drinking_statues, ebering_ghost_reflecting_pool
D:7:      layout_loops_corners, mainiacjoe_overflow_24_doors,
          grunt_gozag_statues, gammafunk_ghost_berserking_beasts
Temple:   nicolae_temple_figure_zero

Skill      XL: |  1  2  3  4  5  6  7  8 |
---------------+-------------------------+-----
Fighting       | 1 2 3 4 5 |  5.8
Dodging        | 3 4 5 6 |  6.9
Spellcasting   | 3 4 5 |  5.2
Stealth        | |  1.5

Action                   |  1- 3 |  4- 6 |  7- 9 || total
-------------------------+-------+-------+-------++-------
Melee: Dagger            |    26 |    12 |       ||    38
       Mace              |       |    18 |    29 ||    47
       Morningstar       |       |       |     4 ||     4
 Cast: Magic Dart        |    90 |   145 |    72 ||   307
       Mephitic Cloud    |     1 |       |     1 ||     2
       Pain              |       |     2 |       ||     2
       Searing Ray       |       |     8 |    27 ||    35
       Call Imp          |       |     2 |       ||     2
       Dazzling Flash    |       |       |     6 ||     6
       Blink             |       |       |     1 ||     1
  Use: Scroll            |       |     3 |     5 ||     8
       Potion            |       |     1 |     2 ||     3
 Stab: Confused          |     1 |       |       ||     1
       Sleeping          |     1 |       |       ||     1
Armor: Robe              |     8 |    18 |    24 ||    50
Dodge: Dodged            |    21 |    55 |    68 ||   144
